 Dungeon Crawl Stone Soup version bcrawl-1.13.5 (webtiles) character file.

Game seed: 15002836365352822711

74 BreadTh the Scratcher (level 4, 22/22 HPs)
             Began as a Felid Transmuter on Aug 28, 2019.
             Was an Initiate of Dithmenos.
             Quit the game on level 3 of the Dungeon.
             The game lasted 00:13:23 (3565 turns).

BreadTh the Scratcher (Felid Transmuter)            Turns: 3565, Time: 00:13:24

Health: 22/22      AC:  1    Str:  6    XL:     4   Next: 30%
Magic:  9/9        EV: 18    Int: 15    God:    Dithmenos [......]
Gold:   217        SH:  0    Dex: 17    Spells: 5/9 levels left
                                        Lives:  0   Deaths: 1

rFire    + . .     SeeInvis +     - Unarmed
rCold    . . .     Gourm    .   (shield unavailable)
rNeg     . . .     Faith    .   (armour unavailable)
rPois    .         Spirit   .   (helmet unavailable)
rElec    .         Reflect  .   (cloak restricted)
rCorr    .         Harm     .   (gloves unavailable)
MR       .....                  (boots unavailable)
Stlth    +++.......             (no amulet)
HPRegen  0.07/turn              h - ring of protection from fire
MPRegen  0.11/turn              (no ring)

@: quick
A: very small, no armour, no weapons or thrown items, stealth, claws 1, fangs 3,
see invisible, carnivore, speed 1, shaggy fur 1, slow metabolism 1, sharp paws
a: Renounce Religion


You were on level 3 of the Dungeon.
You worshipped Dithmenos.
Dithmenos was noncommittal.
You were not hungry.

You visited 1 branch of the dungeon, and saw 4 of its levels.

You collected 217 gold pieces.

Inventory:

Missiles
 a - 377 arrows
Jewellery
 h - a ring of protection from fire (left paw)
Scrolls
 b - a scroll of enchant armour {unknown}
 e - 4 scrolls of identify {unknown}
 k - a scroll of enchant weapon {unknown}
Potions
 c - a potion of lignification
 f - a potion of degeneration
 g - a potion of haste {unknown}
 i - a potion of agility {unknown}
 l - a potion of heal wounds {unknown}
 m - a potion of mutation {unknown}
 n - a potion of invisibility {unknown}
Comestibles
 d - 6 rations {!d}


   Skills:
 - Level 1.0 Fighting
 + Level 3.3 Dodging
 + Level 4.0 Stealth
 + Level 5.1 Unarmed Combat
 - Level 3.0 Spellcasting
 + Level 2.2 Transmutations


You had 5 spell levels left.
You knew the following spells:

 Your Spells              Type           Power        Failure   Level  Hunger
a - Beastly Appendage     Tmut           #.....       8%          1    #......
b - Spider Form           Tmut/Pois      #..          36%         3    ###....

Your spell library contained the following spells:

 Spells                   Type           Power        Failure   Level  Hunger
 Sticks to Snakes         Tmut           #.......     12%         2    ##.....
 Ice Form                 Ice/Tmut       #.......     77%         4    #####..
 Blade Hands              Tmut           #.........   91%         5    ######.


Dungeon Overview and Level Annotations

Branches:
Dungeon (4/12)
 Temple: D:4-7

Altars:
Dithmenos
Qazlal


Innate Abilities, Weirdness & Mutations

You cannot wear almost all types of armour.
You are incapable of wielding weapons or throwing items.
Your paws allow you to move quietly. (Stealth)
You have sharp claws.
You have razor-sharp teeth.
You have supernaturally acute eyesight. (SInv)
You are carnivorous and can eat meat at any time.
You cover ground quickly.
You are covered in fur. (AC +1)
You have a slow metabolism.
Your sharp claws are effective at attacking unaware monsters.


Message History

The orc is heavily wounded.
* * * LOW HITPOINT WARNING * * *
You feel sick. The adder completely misses you.
The orc hits you with a +0 dagger.
* * * LOW HITPOINT WARNING * * *
The adder bites you.
* * * LOW HITPOINT WARNING * * *
You are more poisoned.
The adder poisons you!
It was a potion of degeneration.
There was something very wrong with that liquid.
You feel weakened.
You feel dopey.
You feel clumsy. The adder completely misses you.
The orc hits you with a +0 dagger.
You die...
Your shape twists and changes as you die.
You're not done yet!
You are now level 4!
Your horns disappear.
You rejoin the land of the living...
Are you sure you want to abandon this character and quit the game? (Confirm with "yes".)

######..####.##.............##
#.[.....# #..#.#.............
#[......# #...>##..........#.
#.......# ##..###....<.....##
#...)...# #.## #..........#.
#..[....# #.# #............
#.......# #.# #########....
######### #.# ###.... #@#
###...... #.# ###........ ###
#.......... #...###.### #####
###≈# #_. ###


There were no monsters in sight!

Vanquished Creatures
  A bullfrog (D:3)
  A crimson imp (D:3)
  A gnoll (D:4)
  4 worms
  3 dart slugs
  2 leopard geckos (D:3)
  2 orcs
  9 bats
  4 giant cockroaches
  14 goblins
  7 hobgoblins
  8 kobolds
  A quokka (D:4)
  A ball python (D:1)
  2 frilled lizards
  3 rats (D:1)
63 creatures vanquished.

Notes
Turn   | Place    | Note
-------+----------+-------------------------------------------
     0 | D:1      | BreadTh the Felid Transmuter began the quest for the Orb.
     0 | D:1      | Reached XP level 1. HP: 10/10 MP: 4/4
   341 | D:1      | Reached skill level 1 in Stealth
   341 | D:1      | Reached XP level 2. HP: 14/14 MP: 6/6
   870 | D:1      | Reached skill level 4 in Unarmed Combat
  1522 | D:2      | Reached XP level 3. HP: 18/18 MP: 8/8
  2145 | D:2      | Learned a level 3 spell: Spider Form
  2646 | D:3      | Reached XP level 4. HP: 22/22 MP: 9/9
  3171 | D:3      | Reached skill level 5 in Unarmed Combat
  3171 | D:3      | Noticed a bullfrog
  3184 | D:3      | Killed a bullfrog
  3288 | D:3      | Found a stormy altar of Qazlal.
  3288 | D:3      | Found a shadowy altar of Dithmenos.
  3293 | D:3      | Became a worshipper of Dithmenos the Shadowed
  3537 | D:4      | Reached XP level 5. HP: 25/25 MP: 10/10
  3563 | D:3      | HP: 1/25 [adder (2)]
  3564 | D:3      | Slain by an orc
  3565 | D:3      | Reached XP level 4. HP: -3/22 MP: 2/9
  3565 | D:3      | Quit the game

Skill      XL: |  1  2  3  4  5 |
---------------+----------------+-----
Stealth        | 1 2 3 4 |  4.0
Dodging        | 3 |  3.3
Unarmed Combat | 4 5 |  5.1
Spellcasting   | 3 |  3.0
Fighting       | |  1.0
Transmutations | |  2.2

Action                   |  1- 3 |  4- 6 || total
-------------------------+-------+-------++-------
Melee: Unarmed           |   152 |    58 ||   210
       Bite              |    19 |     2 ||    21
       Headbutt          |     9 |     1 ||    10
 Cast: Beastly Appendage |    22 |     2 ||    24
       Spider Form       |     1 |     6 ||     7
  Use: Potion            |       |     1 ||     1
 Stab: Sleeping          |     4 |       ||     4
  Eat: Chunk             |    11 |     3 ||    14
Armor: Skin              |    13 |     1 ||    14
Dodge: Dodged            |   113 |    44 ||   157
